 Dungeon Crawl Stone Soup version 0.24.0-28-g17ded55e90 (webtiles) character file.

Game seed: 1477072473195100387, levelgen mode: deterministic

53 Delamore the Chopper (level 3, -4/31 HPs)
             Began as a Hill Orc Fighter on Nov 12, 2019.
             Slain by an orc priest
             ... wielding a +0 morningstar
              (10 damage)
             ... on level 2 of the Dungeon.
             The game lasted 00:01:42 (966 turns).

Delamore the Chopper (Hill Orc Fighter)              Turns: 966, Time: 00:01:42

Health: -4/31      AC:  8    Str: 19    XL:     3   Next: 87%
Magic:  3/3        EV: 11    Int:  8    God:
Gold:   86         SH:  9    Dex: 10    Spells: 2/2 levels left

rFire    + . .     SeeInvis .   a - +0 war axe
rCold    . . .     Gourm    .   c - +0 shield
rNeg     . . .     Faith    .   b - +0 scale mail
rPois    .         Spirit   .   (no helmet)
rElec    .         Reflect  .   k - +0 cloak
rCorr    .         Harm     .   (no gloves)
MR       .....                  (no boots)
Stlth    ..........             (no amulet)
HPRegen  0.10/turn              g - ring of protection from fire
MPRegen  0.08/turn              j - +4 ring of evasion

@: no status effects
A: no striking features
a: Convert to Beogh


You were on level 2 of the Dungeon.
You were not hungry.

You visited 1 branch of the dungeon, and saw 2 of its levels.

You collected 86 gold pieces.

Inventory:

Hand Weapons
 a - a +0 war axe (weapon)
Armour
 b - a +0 scale mail (worn)
 c - a +0 shield (worn)
 k - a +0 cloak (worn)
Jewellery
 g - a ring of protection from fire (left hand)
 j - a +4 ring of evasion (right hand)
Scrolls
 e - a scroll of random uselessness {unknown}
 h - a scroll of fear {unknown}
 i - a scroll of amnesia {unknown}
Potions
 d - a potion of might
Comestibles
 f - 3 rations
 l - 3 chunks of flesh


   Skills:
 - Level 3.6 Fighting
 + Level 5.4 Axes
 - Level 3.2 Armour
 - Level 3.2 Shields


You had 2 spell levels left.
You didn't know any spells.
Your spell library was empty.

Dungeon Overview and Level Annotations

Branches:
Dungeon (2/15)

Altars:


Message History

The orc priest shouts, "Surrender to Beogh and we'll let you live!"
The orc priest barely misses you. The orc priest closely misses you.
You barely miss the orc priest.
The orc priest is moderately wounded.
The orc priest shouts, "Beogh is our master!
Accept the truth or die!"
The orc priest begins to cast a cantrip, but forgets the words!
You hit the orc priest.
The orc priest is heavily wounded.
The orc priest looks satisfied for a moment.
You hit the orc priest.
The orc priest is almost dead.
The orc priest threatens, "By the altar or by the axe, you will meet Beogh!"
You block the orc priest's attack.
You barely miss the orc priest.
The orc priest is almost dead.
The orc priest hits you but does no damage.
Your shield and scale mail prevent you from hitting the orc priest.
The orc priest is almost dead.
The orc priest hits you with a +0 morningstar!
You die...

...... ....## ....
..# .. ##.## ..
#...# # #.#
#####.()#####
#.#.###.......)@o.#
##.#.##..#########.#
......#.## #
##.#..#.# .≈
........#o...
####†...#oo....
......#.#oo....
##.##.#.##..≈..
##.##.#.# #....


You could see an orc priest.

Vanquished Creatures
  An ooze (D:1)
  A leopard gecko (D:1)
  3 orcs (D:2)
  2 ball pythons (D:1)
  3 giant cockroaches
  5 goblins (D:1)
  8 hobgoblins
  4 kobolds
  4 bats
  4 frilled lizards
  6 rats (D:1)
  3 bushes (D:1)
44 creatures vanquished.

Vanquished Creatures (others)
  A bush (D:1)
1 creature vanquished.

Grand Total: 45 creatures vanquished

Notes
Turn   | Place    | Note
-------+----------+-------------------------------------------
     0 | D:1      | Delamore the Hill Orc Fighter began the quest for the Orb.
     0 | D:1      | Reached XP level 1. HP: 19/19 MP: 1/1
    10 | D:1      | Reached skill level 3 in Axes
    55 | D:1      | Reached XP level 2. HP: 14/26 MP: 2/2
   291 | D:1      | Reached skill level 4 in Axes
   447 | D:1      | Reached XP level 3. HP: 31/31 MP: 3/3
   853 | D:1      | Reached skill level 5 in Axes
   966 | D:2      | Slain by an orc priest

Levels and vault maps discovered:
D:1:      dpeg_arrival_simpleton_c, layout_basic, minmay_hedge_maze
D:2:      cheibrodos_pilgrimage, layout_loops_cross, uniq_crazy_yiuf_cottage

Skill      XL: |  1  2  3 |
---------------+----------+-----
Axes           | 3 4 5 |  5.4
Fighting       | |  3.6
Armour         | |  3.2
Shields        | |  3.2

Action                   || total
-------------------------++-------
Melee: War axe           ||   193
  Eat: Chunk             ||     1
Armor: Scale mail        ||    42
Dodge: Dodged            ||    39
Block: Shield            ||    56
